 Dungeon Crawl Stone Soup version 0.30-a0-778-g2ef04afb54 (webtiles) character file.

Game seed: 1999472112911494309

106664 M4edhros the Spry (level 16, -4/109 HPs)
             Began as an Octopode Artificer on Feb 13, 2023.
             Was a High Priest of Cheibriados.
             Killed by the air
             ... invoked by a blizzard demon
             ... summoned by Asterion
              (21 damage)
             ... on level 3 of the Spider Nest on Feb 15, 2023.
             The game lasted 01:32:46 (11312 turns).

M4edhros the Spry (Octopode Artificer)             Turns: 11312, Time: 01:32:46

Health: -4/109     AC:  5    Str: 36    XL:     16   Next: 44%
Magic:  18/23      EV: 32    Int: 29    God:    Cheibriados [*****.]
Gold:   703        SH: 17    Dex: 35    Spells: 7/25 levels left

rFire   x x .      SeeInvis +    M - +2 demon trident (drain)
rCold   + + .      Faith    .    H - +0 kite shield {reflect}
rNeg    . . .      Spirit   .    (helmet restricted)
rPois   +          Reflect  +    D - amulet "Estogauc" {Drain rElec Will- Regen+ SInv}
rElec   +          Harm     .    f - ring "Ysogugij" {AC+4 Str+3 Int+3}
rCorr   .          Rampage  .    u - ring of willpower
Will    +....                    q - ring of ice
Stlth   ++++++                   n - +6 ring of dexterity
HPRegen 1.18/turn                d - ring "Nosioshry" {Ice rPois}
MPRegen 0.18/turn                (no ring)
                                 (no ring)
                                 (no ring)

@: studying 2 skills, very slow
A: almost no armour, amphibious, 8 rings, camouflage 1, gelatinous body 1,
(nimble swimmer 1), tentacles, strong 2
a: Renounce Religion, Bend Time, Temporal Distortion, Slouch, Step From Time


You were on level 3 of the Spider Nest.
You worshipped Cheibriados.
Cheibriados was extremely pleased with you.
You visited 5 branches of the dungeon, and saw 24 of its levels.
You also visited: Bailey and Ice Cave.

You collected 1955 gold pieces.
You spent 1252 gold pieces at shops.

Inventory:

Hand Weapons
 g - a +2 flail of protection
 M - a +2 demon trident of draining (weapon)
Missiles
 a - 4 throwing nets
 j - 18 poisoned darts (quivered)
 G - 17 javelins
 R - 4 atropa-tipped darts
Armour
 w - a +0 buckler
 H - a +0 kite shield of reflection (worn)
 K - a +0 tower shield
 U - a +2 buckler of cold resistance
Jewellery
 d - the ring "Nosioshry" (on tentacle) {Ice rPois}
   (You found it in a bailey)

   [ring of ice]

   It enhances your ice magic.
   rF:        It makes you vulnerable to fire.
   rC:        It protects you from cold.
   rPois:     It protects you from poison.
 f - the ring "Ysogugij" (left tentacle) {AC+4 Str+3 Int+3}
   (You found it on level 2 of the Dungeon)

   [ring of protection]

   AC:        It affects your AC (+4).
   Str:       It affects your strength (+3).
   Int:       It affects your intelligence (+3).
 n - a +6 ring of dexterity (on tentacle)
 q - a ring of ice (on tentacle)
 u - a ring of willpower (right tentacle)
 B - an amulet of the acrobat
 C - a ring of poison resistance
 D - the amulet "Estogauc" (around mantle) {Drain rElec Will- Regen+ SInv}
   (You took it off Urug on level 5 of the Lair of Beasts)

   [amulet of regeneration]

   rElec:     It insulates you from electricity.
   SInv:      It lets you see invisible.
   Regen:     It increases your rate of health regeneration.
   Drain:     It drains your maximum health when unequipped.
   Will:      It decreases your willpower.
 Q - an amulet of regeneration
Wands
 t - a wand of mindburst (3)
 A - a wand of charming (6)
 S - a wand of polymorph (3)
 V - a wand of roots (1)
 X - a wand of digging (7)
Scrolls
 h - 12 scrolls of teleportation
 i - a scroll of magic mapping
 k - 3 scrolls of noise
 o - a scroll of butterflies
 p - a scroll of torment
 x - 3 scrolls of vulnerability
 y - 2 scrolls of amnesia
 z - 2 scrolls of silence
 E - 4 scrolls of fear
 F - a scroll of poison
 J - 3 scrolls of identify
 L - a scroll of fog
 W - a scroll of immolation
Potions
 b - 4 potions of brilliance
 c - 7 potions of curing
 e - 2 potions of ambrosia
 l - 3 potions of mutation
 r - 4 potions of flight
 s - a potion of cancellation
 v - 6 potions of lignification
 I - 2 potions of heal wounds
 N - a potion of attraction
 O - a potion of invisibility
 P - 2 potions of resistance {unknown}
Miscellaneous
 T - a phantom mirror (inert)


   Skills:
 - Level 10.0 Fighting
 - Level 6.4 Maces & Flails
 - Level 6.4 Polearms
 - Level 15.0 Dodging
 - Level 8.0 Stealth
 * Level 13.0 Shields
 - Level 5.0 Spellcasting
 - Level 5.0 Necromancy
 * Level 6.3 Transmutations
 - Level 8.0 Ice Magic
 - Level 9.0 Earth Magic
 - Level 6.0 Invocations
 - Level 4.1 Evocations


You had 7 spell levels left.
You knew the following spells:

 Your Spells              Type           Power      Damage    Failure   Level
a - Hailstorm             Conj/Ice       62%        3d13      7%          3
b - Ozocubu's Armour      Ice            88%        N/A       1%          3
c - Borgnjor's Vile Clut  Necr/Erth      23%        N/A       19%         5
d - Dragon Form           Tmut           22%        N/A       100%        7

Your spell library contained the following spells:

 Spells                   Type           Power      Damage    Failure   Level
 Necrotise                Necr           100%       1d9       1%          1
 Passwall                 Tmut/Erth      42%        N/A       1%          2
 Ensorcelled Hibernation  Hex/Ice        100%       N/A       3%          2
 Vampiric Draining        Necr           36%        2d8       4%          3
 Stone Arrow              Conj/Erth      66%        3d11      5%          3
 Ice Form                 Ice/Tmut       83%        N/A       6%          4
 Magic Dart               Conj           28%        1d4       12%         1
 Shock                    Conj/Air       28%        1d4       12%         1
 Slow                     Hex            28%        N/A       12%         1
 Animate Dead             Necr           36%        N/A       16%         4
 Blink                    Tloc           14%        N/A       19%         2
 Call Imp                 Summ           7%         N/A       19%         2
 Lesser Beckoning         Tloc           14%        N/A       19%         2
 Momentum Strike          Conj/Tloc      14%        3d8       19%         2
 Blade Hands              Tmut           22%        N/A       24%         5
 Confusing Touch          Hex            7%         N/A       34%         3
 Dazzling Flash           Conj/Hex       14%        N/A       34%         3
 Mephitic Cloud           Conj/Pois/Air  7%         N/A       34%         3
 Swiftness                Air            7%         N/A       34%         3
 Vhi's Electric Charge    Tloc/Air       14%        N/A       34%         3
 Agony                    Necr           36%        N/A       38%         5
 Alistair's Intoxication  Tmut/Pois      16%        N/A       65%         5
 Irradiate                Conj/Tmut      12%        3d15      65%         5
 Airstrike                Air            3%         2d(1-17)  75%         4
 Iskenderun's Mystic Bla  Conj/Tloc      7%         2d4       75%         4
 Manifold Assault         Tloc           7%         N/A       75%         4
 Passage of Golubria      Tloc           7%         N/A       75%         4
 Simulacrum               Ice/Necr       39%        N/A       77%         6
 Arcjolt                  Conj/Air       3%         1d13      97%         5
 Silence                  Hex/Air        3%         N/A       97%         5
 Eringya's Noxious Bog    Tmut/Pois      12%        N/A       99%         6
 Starburst                Conj/Fire      3%         6d3       100%        6
 Haunt                    Necr/Summ      10%        N/A       100%        7
 Storm Form               Tmut/Air       12%        N/A       100%        7
 Infestation              Necr           18%        N/A       100%        8
 Lehudib's Crystal Spear  Conj/Erth      16%        10d5      100%        8
 Maxwell's Capacitive Co  Air            3%         ∞         100%        8
 Shatter                  Erth           28%        3d23*     100%        9
 Animate Armour           Summ/Erth      Unusable   N/A       N/A         4

Dungeon Overview and Level Annotations

Branches:
Dungeon (13/15)            Temple (1/1) D:4            Lair (5/5) D:8
  Swamp (0/4) Lair:3       Spider (3/4) Lair:3        Slime (0/5) Lair:4
    Orc (2/2) D:9             Elf (0/3) Orc:2        Bailey (visited)
  IceCv (visited)
 Vaults: D:13-14

Altars:
Ashenzari
Cheibriados
Dithmenos
Elyvilon
Fedhas
Gozag
Hepliaklqana
Kikubaaqudgha
Makhleb
Nemelex Xobeh
Okawaru
Qazlal
Ru
Trog
Uskayaw
Vehumet
Wu Jian
Xom
Yredelemnul
Zin
The Shining One
Jiyva

Shops:
D:2 *(?   D:6 (   D:9 :   D:10 (   Orc:2 [*:?

Annotations:
D:8 exclusion: hornet, Gastronok
Spider:3 Asterion


Innate Abilities, Weirdness & Mutations

You cannot wear most types of armour.
You are amphibious.
You can wear up to eight rings at the same time.
Your skin changes colour to match your surroundings (Stealth+).
Your rubbery body absorbs attacks. (AC +1, EV +1)
((You are camouflaged when in or above water. (Stealth+)))
You have tentacles for arms and can constrict up to eight enemies at once.
Your muscles are very strong. (Str +8, Int/Dex -2)


Message History

You feel much better.
The zombie hands constrict the blizzard demon!
A tarantella comes into view.
The redback completely misses you.
Asterion is caught in a web!
The blizzard demon waves its arms in wide circles.
The air twists around and strikes you!!
* * * LOW HITPOINT WARNING * * *
You feel much better.
The zombie hands constrict the blizzard demon.
The zombie hands release their grip on the blizzard demon.
The redback barely misses you.
Asterion pulls away from the web.
Asterion blocks the tarantella's attack.
The redback completely misses you.
Asterion utters an invocation to Makhleb.
Asterion seems to speed up.
You block Asterion's attack. Asterion completely misses you.
Magic courses through your body.
The tarantella touches Asterion!
Asterion appears confused.
You block the redback's attack.
Asterion screams, "What ORB?!
I have an entire kingdom!"
You block Asterion's attack. Asterion misses you.
The blizzard demon hits Asterion.
The blizzard demon hits Asterion but does no damage.
Activating: Slouch (12% risk of failure)
Press: ? - help, Dir - look around, f - activate Really Slouch near your ally Asterion?
You can feel time thicken for a moment.
You kill the redback!
Cheibriados thoroughly appreciates the change of pace.
You kill the tarantella!
Cheibriados thoroughly appreciates the change of pace.
Cheibriados lowers the support of your attributes as your movement quickens.
Asterion hits you with a +1 demon blade of electrocution!!!
* * * LOW HITPOINT WARNING * * *
Asterion gores you but does no damage.
Asterion closely misses the blizzard demon.
Asterion gores the blizzard demon.
The blizzard demon waves its arms in wide circles.
The air twists around and strikes you!!
You die...

#.## ....#.$......# ###
...#........(... ##
##.. ^## ### ^2H. ..###
.. #.. #.^.####.###
###.# ###
....##.##..###^#.##..##
..^..#..#....#...H.# .#
............##..@.##...
........###.##.†......#
........#...#.......###
........##..#^†#....#
..^........^.#....###
#.......^#.######.#
...>.....## ##
.......... ###########


You could see Asterion (fast, ally target), a blizzard demon (summoned) and the
friendly Asterion (summoned, fast, confused, drained).

Vanquished Creatures
  An Ice Fiend (IceCv)
  Donald (Orc:2)
  A ghost moth (Spider:1)
  A spark wasp (Spider:2)
  3 entropy weavers
  3 hydras
  3 centaur warriors
  6 boulder beetles
  3 two-headed ogres
  Urug (Lair:5)
  3 pharaoh ants
  5 skysharks
  A goliath frog (Lair:5)
  6 orb spiders
  A bog body (IceCv)
  4 spriggan simulacra (IceCv)
  An obsidian statue (IceCv)
  Pikel (D:6)
  A deep elf pyromancer (D:13)
  3 steelbarb worms
  9 wolf spiders
  3 orc knights
  2 cyclopes
  A manticore (D:11)
  An ugly thing (D:12)
  Joseph (D:7)
  3 moths of wrath
  2 torpor snails
  4 elephants (Lair:5)
  8 demonic crawlers
  4 black mambas
  15 cane toads
  7 komodo dragons
  3 rime drakes
  7 ice devils (IceCv)
  3 freezing wraiths (IceCv)
  6 anaconda simulacra (IceCv)
  3 trolls
  2 tyrant leeches (Lair:5)
  3 hornets
  2 polar bears
  13 tarantellas
  26 blink frogs
  6 dream sheep (Lair:5)
  9 slime creatures
  11 culicivoras
  A dire elephant simulacrum (IceCv)
  21 jumping spiders
  5 wyverns
  2 vampires
  4 shadows
  38 yaks
  2 wraiths
  14 vampire mosquitoes
  40 redbacks
  3 basilisks
  2 steam dragons (D:6)
  6 minotaur simulacra (IceCv)
  8 wargs
  A harpy simulacrum (IceCv)
  13 water moccasins
  42 orc warriors
  2 ettin simulacra (IceCv)
  2 ice beasts
  5 ogres
  19 centaurs
  An alligator simulacrum (IceCv)
  16 wolves
  2 lemures (D:6)
  A phantom (D:5)
  A kobold brigand (D:9)
  11 bullfrogs
  3 necrophages
  3 scorpions
  14 deep troll simulacra (IceCv)
  11 wights
  9 killer bees
  3 lindwurm simulacra (IceCv)
  4 howler monkeys
  4 electric eels
  15 orc priests
  2 hounds
  3 iguanas
  Ijyb (D:3)
  A gnoll bouda (Orc:1)
  14 orc wizards
  5 hell rats (Lair:5)
  11 gnolls
  6 adders
  A white imp (D:7)
  2 worms (D:4)
  2 dart slugs
  74 orcs
  4 bats
  9 endoplasms
  5 giant cockroaches
  16 goblins
  5 hobgoblins
  10 jackals
  19 kobolds
  A quokka (D:1)
  7 ball pythons
  9 rats
738 creatures vanquished.

Vanquished Creatures (collateral kills)
  A lindwurm (Lair:5)
  Maggie (D:6)
  A demonic crawler (Spider:1)
  A polar bear (Lair:5)
  A dream sheep (Lair:5)
  2 wolves (Lair:5)
  A jelly (D:6)
  A gnoll (D:6)
9 creatures vanquished.

Vanquished Creatures (others)
  A troll (Orc:2)
  2 black bears (D:6)
  A sky beast (D:6)
  A centaur (Orc:2)
  4 scorpions
  A gnoll (D:6)
  22 fungi
  79 plants
111 creatures vanquished.

Grand Total: 858 creatures vanquished

Notes
Turn   | Place    | Note
-------+----------+-------------------------------------------
     0 | D:1      | M4edhros the Octopode Artificer began the quest for the
                  | Orb.
     0 | D:1      | Reached XP level 1. HP: 13/13 MP: 1/1
     1 | D:1      | Upgraded the game from 0.30-a0-776-g08fbeb92c1 to
                  | 0.30-a0-777-ga9a30cbeda
    10 | D:2      | Found Emadote's Weapon Emporium.
    61 | D:2      | Identified the ring "Ysogugij" {AC+4 Str+3 Int+3}
    79 | D:2      | Reached XP level 2. HP: 18/18 MP: 2/2
   147 | D:3      | Found an ornate altar of the Wu Jian Council.
   267 | D:5      | Entered Level 5 of the Dungeon
   267 | D:5      | Noticed a scorpion
   300 | D:5      | Reached XP level 3. HP: 20/23 MP: 3/3
   303 | D:5      | Noticed a water moccasin
   310 | D:5      | Killed a water moccasin
   311 | D:5      | Reached skill level 3 in Dodging
   311 | D:5      | Reached XP level 4. HP: 31/31 MP: 4/4
   311 | D:5      | Reached XP level 5. HP: 36/36 MP: 5/5
   368 | D:6      | Noticed an ogre
   423 | D:6      | Killed an ogre
   424 | D:6      | Reached skill level 4 in Dodging
   559 | D:5      | Reached XP level 6. HP: 31/43 MP: 6/6
   711 | D:5      | Reached skill level 5 in Dodging
   833 | D:6      | Noticed a black bear
   836 | D:6      | Noticed Maggie
   843 | D:6      | Noticed a water moccasin
   848 | D:6      | Reached XP level 7. HP: 37/49 MP: 7/7
   851 | D:6      | Killed Maggie
   852 | D:6      | Reached skill level 5 in Fighting
   852 | D:6      | Reached skill level 6 in Dodging
   858 | D:6      | Noticed a steam dragon
   866 | D:6      | Reached XP level 8. HP: 36/57 MP: 8/8
   926 | D:6      | Found a broken altar of Ashenzari.
   940 | D:6      | Reached skill level 7 in Dodging
  1071 | D:6      | Found Owoebb's Antique Weapon Shoppe.
  1136 | D:6      | Noticed Pikel
  1154 | D:6      | Killed Pikel
  1155 | D:6      | Reached skill level 8 in Dodging
  1155 | D:6      | Reached XP level 9. HP: 43/66 MP: 9/9
  1183 | D:6      | Identified the +1 robe of the Moon {rElec Int+2 Dex-3}
  1247 | D:7      | Noticed Joseph
  1553 | D:7      | Found a sparkling altar of Nemelex Xobeh.
  1894 | D:4      | Reached skill level 9 in Dodging
  1911 | D:4      | Found a staircase to the Ecumenical Temple.
  1931 | Temple   | Entered the Ecumenical Temple
  2004 | Temple   | Became a worshipper of Cheibriados the Contemplative
  2136 | D:3      | Noticed Ijyb
  2157 | D:3      | Killed Ijyb
  2167 | D:3      | Identified the +4 ring mail "Veom" {Dex+2}
  2404 | D:2      | Reached * piety under Cheibriados
  2457 | D:2      | Found Boicossich's Assorted Antiques.
  2536 | D:2      | Found Westruj's Magic Scroll Emporium.
  2777 | D:1      | Found a faded altar of an unknown god.
  2913 | D:1      | Reached ** piety under Cheibriados
  3378 | D:7      | Killed Joseph
  3516 | D:8      | Reached XP level 10. HP: 70/74 MP: 10/10
  3571 | D:8      | Reached *** piety under Cheibriados
  3584 | D:8      | Reached skill level 5 in Stealth
  3615 | D:8      | Noticed Gastronok
  3744 | D:8      | Found a staircase to the Lair.
  3751 | D:8      | Reached skill level 5 in Shields
  4026 | D:9      | Reached **** piety under Cheibriados
  4044 | D:9      | Found a flagged portal.
  4095 | Bailey   | Entered a bailey
  4173 | Bailey   | Reached skill level 5 in Invocations
  4315 | Bailey   | Reached skill level 11 in Dodging
  4315 | Bailey   | Reached XP level 11. HP: 80/80 MP: 15/15
  4316 | Bailey   | Noticed an orc knight
  4320 | Bailey   | Killed an orc knight
  4321 | Bailey   | Reached XP level 12. HP: 85/85 MP: 16/16
  4325 | Bailey   | Reached skill level 12 in Dodging
  4331 | Bailey   | Identified the ring "Nosioshry" {Ice rPois}
  4341 | D:9      | Found a staircase to the Orcish Mines.
  4445 | D:9      | Learned a level 3 spell: Hailstorm
  4446 | D:10     | Entered Level 10 of the Dungeon
  4496 | D:10     | Reached ***** piety under Cheibriados
  4497 | D:10     | Reached skill level 1 in Ice Magic
  4550 | D:9      | Found Konanues's Vocational Training.
  4675 | D:10     | Found Seolizeb's Antique Weapon Shop.
  4758 | D:10     | Noticed a two-headed ogre
  4779 | D:10     | Killed a two-headed ogre
  5367 | D:12     | Reached skill level 13 in Dodging
  5408 | D:12     | Noticed a two-headed ogre
  5418 | D:12     | Killed a two-headed ogre
  5451 | D:12     | Reached skill level 5 in Ice Magic
  5522 | D:12     | Noticed a two-headed ogre
  5558 | D:12     | Killed a two-headed ogre
  5924 | D:13     | Noticed a centaur warrior
  5935 | D:13     | Killed a centaur warrior
  5980 | D:13     | Noticed a centaur warrior
  5987 | D:13     | Killed a centaur warrior
  5988 | D:13     | Reached skill level 14 in Dodging
  5988 | D:13     | Reached XP level 13. HP: 75/90 MP: 17/17
  6327 | Orc:1    | Entered Level 1 of the Orcish Mines
  6383 | Orc:1    | Upgraded the game from 0.30-a0-777-ga9a30cbeda to
                  | 0.30-a0-778-g2ef04afb54
  6546 | Orc:1    | Reached ****** piety under Cheibriados
  6589 | Orc:2    | Entered Level 2 of the Orcish Mines
  6604 | Orc:2    | Noticed Donald
  6607 | Orc:2    | Reached skill level 1 in Spellcasting
  6614 | Orc:2    | Killed Donald
  6629 | Orc:2    | Found Kemest's Assorted Antiques.
  6629 | Orc:2    | Found Uczaz's Book Shop.
  6629 | Orc:2    | Found Olatyu's Magic Scroll Boutique.
  6654 | Orc:2    | Found Walaghyn's Armour Shoppe.
  6663 | Orc:2    | Bought a scroll of blinking for 112 gold pieces
  6678 | Orc:2    | Found a staircase to the Elven Halls.
  7079 | Orc:2    | Bought Sif Muna's Compendium of the Petrified Wendigo for
                  | 570 gold pieces
  7079 | Orc:2    | Bought Great Wizards, Vol. II for 570 gold pieces
  7083 | Orc:2    | Learned a level 3 spell: Ozocubu's Armour
  7226 | Lair:1   | Entered Level 1 of the Lair of Beasts
  7297 | Lair:1   | Reached skill level 1 in Polearms
  7819 | Lair:3   | Learned a level 5 spell: Borgnjor's Vile Clutch
  7881 | Lair:3   | Found a staircase to the Swamp.
  7921 | Lair:3   | Found a hole to the Spider Nest.
  7955 | Lair:3   | Reached XP level 14. HP: 91/98 MP: 20/20
  8020 | Lair:3   | Reached skill level 1 in Earth Magic
  8092 | Lair:4   | Reached skill level 1 in Necromancy
  8240 | Lair:4   | Reached skill level 15 in Dodging
  8350 | Lair:4   | Reached skill level 10 in Fighting
  8434 | Lair:4   | Found a viscous altar of Jiyva.
  8435 | Lair:4   | Found a staircase to the Slime Pits.
  8478 | Lair:5   | Entered Level 5 of the Lair of Beasts
  8488 | Lair:5   | Reached skill level 5 in Spellcasting
  8629 | Lair:5   | Reached skill level 5 in Polearms
  8778 | Lair:5   | Reached skill level 5 in Earth Magic
  8823 | Lair:5   | Identified the amulet "Estogauc" {Drain rElec Will- Regen+
                  | SInv}
  8823 | Lair:5   | Noticed Urug
  8839 | Lair:5   | Reached XP level 15. HP: 87/103 MP: 1/22
  8852 | Lair:5   | Your ally Urug died
  9051 | Lair:5   | Reached skill level 10 in Shields
  9338 | Spider:1 | Entered Level 1 of the Spider Nest
  9338 | Spider:1 | Found a frozen archway.
  9345 | IceCv    | Entered an ice cave
  9425 | IceCv    | Gained mutation: You do not regenerate when monsters are
                  | visible. [a neqoxec]
  9433 | IceCv    | Gained mutation: Your magical capacity is low. (-10% MP) [a
                  | neqoxec]
  9438 | IceCv    | Lost mutation: Your magical capacity is low. (-10% MP)
                  | [potion of mutation]
  9438 | IceCv    | Lost mutation: You do not regenerate when monsters are
                  | visible. [potion of mutation]
  9438 | IceCv    | Gained mutation: Your muscles are strong. (Str +4, Int/Dex
                  | -1) [potion of mutation]
  9438 | IceCv    | Gained mutation: Your muscles are very strong. (Str +8,
                  | Int/Dex -2) [potion of mutation]
  9808 | IceCv    | Noticed an Ice Fiend
  9821 | IceCv    | Killed an Ice Fiend
 10201 | Spider:1 | Learned a level 7 spell: Dragon Form
 10279 | Spider:1 | Noticed a ghost moth
 10289 | Spider:1 | Killed a ghost moth
 10290 | Spider:1 | Reached skill level 1 in Transmutations
 10368 | Spider:1 | Reached skill level 5 in Necromancy
 10637 | Spider:2 | Reached XP level 16. HP: 109/109 MP: 23/23
 10864 | Spider:2 | Reached skill level 5 in Transmutations
 11301 | Spider:3 | Noticed Asterion
 11312 | Spider:3 | Killed from afar by a blizzard demon

Illustrated notes

Levels and vault maps discovered:
D:1:      elethiomel_arrival_shortcut, layout_basic,
          hellmonk_ecumenical_altar_arch_garden
D:2:      layout_basic, serial_shops, nicolae_shop_statue_plus, shop, shop
D:3:      kennysheep_goblin_castle, layout_rooms, led_sif_pool,
          general_overflow_altar, minmay_misc_feat_four_crosses,
          serial_bayou_lake_a
D:4:      layout_loops_cross, minmay_temple_entry_arrows, grunt_ministairs_5
D:5:      layout_loops_cross, serial_shops, shop
D:6:      layout_rooms, ashenzari_conservatory_becter, serial_shops, shop,
          minmay_joined_circles, uniq_pikel, uniq_maggie
D:7:      layout_loops_ring, mainiacjoe_overflow_surrounded_room,
          hangedman_abyss_or_decor_slice, uniq_joseph
D:8:      layout_basic, erik_lair_orcish_takeover, uniq_gastronok
D:9:      layout_gridville, minmay_orc_entry_guard_dogs, enter_bailey_5,
          serial_bayou_pond_b, nicolae_shop_vocational
D:10:     layout_loops_ring, serial_shops, kennysheep_little_box
D:11:     layout_stronghold, okawaru_ov_weapons_minmay
D:12:     layout_big_octagon
D:13:     layout_rooms
Temple:   regret_index_temple_mists
Lair:1:   layout_chaotic_city
Lair:2:   layout_concentric_octagons, grunt_megastairs_5
Lair:3:   layout_small_grid, minmay_swamp_entry_swarm,
          nicolae_spider_entry_tight_spaces, pond
Lair:4:   layout_regular_city, dpeg_slime_entry_enclosed,
          nicolae_quartered_pool_impasse
Lair:5:   minmay_lair_end_frog_pond, layout_concentric_octagons, minivault_11,
          minivault_27, uniq_urug
Spider:1: layout_spider_delve, portal_ice_cave_entry_pillars_1
Spider:2: layout_cave_pods
Spider:3: layout_spider_delve, uniq_asterion
Orc:1:    layout_caves, basic_altar, mines2_david
Orc:2:    st_orc_rangers, layout_caves, basic_altar, lightli_orcish_oven,
          uniq_donald

Skill      XL: |  1  2  3  4  5  6  7  8  9 10 11 12 13 14 15 16 |
---------------+-------------------------------------------------+-----
Evocations     | 4 |  4.1
Fighting       | 3 4 6 8 9 10 | 10.0
Dodging        | 3 4 5 6 8 9 11 14 15 | 15.0
Stealth        | 4 6 8 |  8.0
Shields        | 4 6 7 9 11 13 | 13.0
Maces & Flails | 6 |  6.4
Invocations    | 5 6 |  6.0
Ice Magic      | 7 8 |  8.0
Spellcasting   | 4 5 |  5.0
Polearms       | 2 6 |  6.4
Earth Magic    | 5 9 |  9.0
Necromancy     | 3 5 |  5.0
Transmutations | 2 6 |  6.3

Action                     |  1- 3 |  4- 6 |  7- 9 | 10-12 | 13-15 | 16-18 || total
---------------------------+-------+-------+-------+-------+-------+-------++-------
  Melee: Unarmed           |    30 |    30 |    20 |       |       |       ||    80
         Constrict         |     9 |     5 |    58 |    55 |   171 |    36 ||   334
         Tentacles         |     8 |     7 |    50 |   117 |   311 |    55 ||   548
         Punch             |       |     2 |     6 |    11 |    19 |     6 ||    44
         Flail             |       |       |   196 |   364 |   204 |       ||   764
         Demon trident     |       |       |       |       |   742 |   165 ||   907
  Throw: Dart              |       |     6 |       |    24 |     5 |       ||    35
   Cast: Hailstorm         |       |       |       |     1 |    33 |       ||    34
         Ozocubu's Armour  |       |       |       |       |    41 |     5 ||    46
         Borgnjor's Vile C |       |       |       |       |     9 |    13 ||    22
 Invoke: Slouch            |       |       |       |     1 |    19 |     5 ||    25
  Evoke: Wand              |     8 |    14 |    23 |    13 |    17 |     2 ||    77
         Phantom mirror    |       |       |       |       |     2 |     1 ||     3
    Use: Scroll            |       |     6 |    12 |     7 |     8 |       ||    33
         Potion            |       |       |     2 |     3 |     8 |     3 ||    16
   Stab: Sleeping          |     2 |       |    23 |    15 |    11 |     5 ||    56
         Distracted        |       |     1 |     1 |       |     6 |     2 ||    10
         Invisible         |       |       |     3 |       |     3 |       ||     6
         Betrayed ally     |       |       |       |       |     1 |       ||     1
 Armour: Skin              |     7 |     8 |    44 |    72 |   119 |    12 ||   262
  Dodge: Dodged            |    20 |    21 |   165 |   474 |  1546 |   195 ||  2421
  Block: Buckler           |       |       |    24 |   180 |   501 |       ||   705
         Kite shield       |       |       |       |       |   260 |   190 ||   450

Table legend: (Time is in decaauts)
 A = Elapsed time spent in this place.
 B = Non-inter-level travel time spent in this place.
 C = Inter-level travel time spent in this place.
 D = Time resting spent in this place.
 E = Time spent auto-exploring this place.
 F = Levels seen in this place.
 G = Mean time per level.
                   A        B        C        D        E       F      G
               +--------+--------+--------+--------+--------+-----+--------+
         Total |  17226 |  15055 |   2171 |     25 |      5 |  26 |  662.5 |
       Dungeon |   8290 |   7108 |   1182 |     25 |      5 |  13 |  637.7 |
        Temple |    100 |     74 |     26 |      0 |      0 |   1 |  100.0 |
          Lair |   3692 |   3138 |    554 |      0 |      0 |   5 |  738.4 |
   Spider Nest |   2387 |   2132 |    255 |      0 |      0 |   3 |  795.7 |
  Orcish Mines |   1500 |   1347 |    153 |      0 |      0 |   2 |  750.0 |
        Bailey |    392 |    392 |      0 |      0 |      0 |   1 |  392.0 |
      Ice Cave |    862 |    862 |      0 |      0 |      0 |   1 |  862.0 |
               +--------+--------+--------+--------+--------+-----+--------+

Top non-repeatable levels by time:
Spider:1: 1213 daAuts
  Lair:5: 1025 daAuts
   Orc:2: 1019 daAuts
    D:12: 985 daAuts
  Lair:4: 976 daAuts
     D:9: 889 daAuts
   IceCv: 862 daAuts
Spider:2: 819 daAuts
    D:10: 815 daAuts
     D:6: 712 daAuts
  Lair:2: 681 daAuts
     D:2: 676 daAuts
    D:11: 631 daAuts
  Lair:3: 592 daAuts
     D:3: 555 daAuts
